 Dungeon Crawl Stone Soup version 0.15.0-11-g6f4f891 (webtiles) character file.

96 PotatoesMaster the Grave Robber (level 4, 0/30 HPs)
             Began as a Mummy Necromancer on Aug 31, 2014.
             Was an Initiate of Kikubaaqudgha.
             Slain by a big kobold
             ... wielding a +0 whip
              (6 damage)
             ... in a sewer.
             The game lasted 00:24:08 (3453 turns).

PotatoesMaster the Grave Robber (Mummy Necromancer) Turns: 3453, Time: 00:24:08

HP   0/30        AC  3     Str 11      XL: 4   Next: 41%
MP   0/9         EV 12     Int 15      God: Kikubaaqudgha [......]
Gold 40          SH  0     Dex 12      Spells:  3 memorised,  4 levels left

rFire  x . .     SeeInvis .     d - +1 mace (drain)
rCold  + . .     Clarity  .     a - +0 robe
rNeg   + + +     rCorr    .     (no shield)
rPois  +         rRot     +     (no helmet)
rElec  .         Spirit   .     (no cloak)
SustAb .         Warding  .     h - +0 pair of gloves
rMut   .         Stasis   .     (no boots)
Gourm  .                        (no amulet)
MR     .....                    (no ring)
                                (no ring)

@: not resistant to hostile enchantments, unstealthy
A: no food or potions, fire vulnerability, restore body, cold resistance 1,
negative energy resistance 3, poison resistance, torment resistance, unbreathing
a: Renounce Religion


You were in a sewer.
You worshipped Kikubaaqudgha.
Kikubaaqudgha was noncommittal.
You were not hungry.

You visited 1 branch of the dungeon, and saw 3 of its levels.
You also visited: Sewer.

You collected 40 gold pieces.

Inventory:

Hand weapons
 d - a +1 mace of draining (weapon)
Missiles
 c - 13 stones (quivered)
Armour
 a - a +0 robe (worn)
 h - a +0 pair of gloves (worn)
Magical devices
 g - a wand of flame (2)
Scrolls
 e - a scroll of random uselessness {unknown}
 f - a scroll of identify {unknown}
 i - a scroll of recharging {unknown}
 j - a scroll of amnesia {unknown}
Books
 b - a book of Necromancy

   Spells                             Type                      Level
   *Pain                              Necromancy                   1
   *Animate Skeleton                  Necromancy                   1
   *Vampiric Draining                 Necromancy                   3
   Regeneration                       Charms/Necromancy            3
   Animate Dead                       Necromancy                   4
   Control Undead                     Necromancy                   4


   Skills:
 + Level 1.9 Dodging
 - Level 1.5 Stealth
 + Level 0.1 Unarmed Combat
 + Level 3.0 Spellcasting
 + Level 5.1 Necromancy


You had 4 spell levels left.
You knew the following spells:

 Your Spells              Type           Power        Failure   Level  Hunger
a - Pain                  Necr           ###.         2%          1    N/A
b - Animate Skeleton      Necr           N/A          2%          1    N/A
c - Vampiric Draining     Necr           ###.......   10%         3    N/A

Dungeon Overview and Level Annotations

Branches:
Dungeon (3/15)

Altars:
Fedhas
Kikubaaqudgha
Vehumet

Annotations:
D:3 Sedillia's ghost, average NaCK


Innate Abilities, Weirdness & Mutations

You do not eat or drink.
Your flesh is vulnerable to fire.
Your flesh is cold resistant.
You are immune to negative energy.
Your system is resistant to poisons.
You are immune to unholy pain and torment.
You can survive without breathing.


Message History

Confirm with . or Enter, or press ? or * to list all spells.
You can't see any susceptible monsters within range! (Use Z to cast anyway.)
Your kobold skeleton closely misses the big kobold.
There is a gate leading back out of here here.
Casting: Pain
Confirm with . or Enter, or press ? or * to list all spells.
Aiming: Pain
Press: ? - help, Shift-Dir - straight line, f/p - big kobold
Aim: a big kobold, wielding a whip (moderately wounded)
Your kobold skeleton is unaffected.
Your kobold skeleton hits the big kobold but does no damage.
Casting: Pain
Confirm with . or Enter, or press ? or * to list all spells.
Aiming: Pain
Press: ? - help, Shift-Dir - straight line, f/p - big kobold
Aim: a big kobold, wielding a whip (moderately wounded)
The big kobold convulses in agony!
The big kobold hits you with a whip.
You die...
Kikubaaqudgha rasps: "You have failed me!
Welcome... oblivion!"

≈≈
#################≈≈≈
#≈≈≈≈≈≈≈≈≈≈≈≈≈≈≈≈≈≈≈
#≈≈≈≈≈≈≈≈≈≈≈≈≈≈≈≈≈≈≈
#≈≈≈≈≈≈≈≈≈≈≈≈≈≈≈≈≈≈≈≈
###'########≈≈#######
#...#..!.#.P≈≈≈≈.....
#.∩.#.@K!'..≈P≈≈.....
#.∩.#...Z%..........
#####.!..#..........
########........
#.##.... ### ###


You could see a big kobold and a friendly kobold skeleton.

Vanquished Creatures
  Jessica (D:2)
  Terence (D:2)
  An adder (D:2)
  A worm (D:3)
  3 giant geckos
  3 ball pythons
  A giant cockroach (D:2)
  8 hobgoblins
  6 jackals
  3 bats
  7 goblins
  6 kobolds
  A quokka (D:2)
  3 rats (D:2)
45 creatures vanquished.

Vanquished Creatures (collateral kills)
  A giant cockroach (D:1)
1 creature vanquished.

Vanquished Creatures (others)
  An adder skeleton (D:2)
  A goblin skeleton (D:1)
  A hobgoblin skeleton (D:1)
  A human skeleton (D:2)
  A jackal skeleton (D:1)
  A kobold skeleton (D:2)
  2 rat skeletons (D:2)
8 creatures vanquished.

Grand Total: 54 creatures vanquished

Notes
Turn   | Place    | Note
--------------------------------------------------------------
     0 | D:1      | PotatoesMaster, the Mummy Necromancer, began the quest for the Orb.
     0 | D:1      | Reached XP level 1. HP: 13/13 MP: 3/3
   539 | D:1      | Reached XP level 2. HP: 10/19 MP: 0/4
   683 | D:1      | Learned a level 1 spell: Animate Skeleton
  1966 | D:2      | Noticed Jessica
  2022 | D:2      | Killed Jessica
  2022 | D:2      | Reached XP level 3. HP: 12/24 MP: 0/6
  2086 | D:2      | Learned a level 3 spell: Vampiric Draining
  2275 | D:2      | Your ally Jessica died
  2404 | D:2      | Noticed Terence
  2420 | D:2      | Killed Terence
  2420 | D:2      | Reached XP level 4. HP: 13/30 MP: 0/8
  2603 | D:2      | Reached skill level 5 in Necromancy
  2630 | D:2      | Found a blossoming altar of Fedhas.
  2631 | D:2      | Found an ancient bone altar of Kikubaaqudgha.
  2638 | D:2      | Became a worshipper of Kikubaaqudgha
  2990 | D:2      | Found a radiant altar of Vehumet.
  3175 | D:3      | Noticed Sedillia's ghost (average NaCK)
  3385 | D:3      | Found a glowing drain.
  3417 | Sewer    | Entered a sewer
  3433 | Sewer    | Noticed a big kobold
  3453 | Sewer    | Slain by a big kobold

Action                   |  1- 3 |  4- 6 || total
-------------------------+-------+-------++-------
Melee: Unarmed           |    12 |       ||    12
       Mace              |     2 |     5 ||     7
Throw: Stone             |     1 |       ||     1
 Cast: Pain              |    69 |    38 ||   107
       Animate Skeleton  |    14 |    10 ||    24
  Use: Scroll            |     1 |       ||     1
